 Dungeon Crawl Stone Soup version 0.29-a0-322-g68df515428 (webtiles) character file.

Game seed: 4274649415207278154

242 siradein the Ogre Mage (level 6, 0/61 HPs)
             Began as an Ogre Air Elementalist on Apr 8, 2022.
             Slain by Blork the orc
             ... wielding a +0 scimitar
              (2 damage)
             ... on level 3 of the Dungeon.
             The game lasted 00:09:43 (4440 turns).

siradein the Ogre Mage (Ogre Air Elementalist)      Turns: 4440, Time: 00:09:44

Health: 0/61       AC:  4    Str: 19    XL:     6   Next: 9%
Magic:  6/11       EV: 10    Int: 18    God:
Gold:   185        SH:  0    Dex:  9    Spells: 2/12 levels left

rFire   . . .      SeeInvis .   c - +3 spear
rCold   . . .      Faith    .   (no shield)
rNeg    . . .      Spirit   .   a - +0 robe
rPois   .          Reflect  .   (helmet restricted)
rElec   .          Harm     .   i - +0 cloak
rCorr   .          Rampage  .   (gloves unavailable)
Will    .....                   (boots unavailable)
Stlth   +.........              (no amulet)
HPRegen 0.20/turn               f - +6 ring of strength
MPRegen 0.12/turn               (no ring)

@: about to teleport
A: large, unfitting armour, tough skin 1
a: no special abilities


You were on level 3 of the Dungeon.
You visited 1 branch of the dungeon, and saw 4 of its levels.

You collected 185 gold pieces.

Inventory:

Hand Weapons
 c - a +3 spear (weapon)
Armour
 a - a +0 robe (worn)
 i - a +0 cloak (worn)
Jewellery
 f - a +6 ring of strength (left hand)
Scrolls
 d - a scroll of vulnerability {unknown}
 g - a scroll of immolation {unknown}
 k - 2 scrolls of enchant weapon {unknown}
 n - a scroll of silence {unknown}
 o - a scroll of teleportation
 p - a scroll of blinking {unknown}
 q - 2 scrolls of noise {unknown}
Potions
 b - a potion of magic
 h - 2 potions of flight
 j - a potion of lignification {unknown}
 l - 4 potions of curing
 m - a potion of attraction {unknown}
 r - a potion of haste {unknown}


   Skills:
 + Level 3.1 Fighting
 + Level 3.0 Dodging
 - Level 1.4 Stealth
 + Level 3.7 Spellcasting
 + Level 2.3 Conjurations
 + Level 3.5 Air Magic


You had 2 spell levels left.
You knew the following spells:

 Your Spells              Type           Power      Damage    Failure   Level
a - Shock                 Conj/Air       56%        1d6       4%          1
b - Corpse Rot            Necr/Air       18%        N/A       11%         2
c - Swiftness             Air            16%        N/A       11%         3
d - Airstrike             Air            8%         N/A       34%         4

Your spell library contained the following spells:

 Spells                   Type           Power      Damage    Failure   Level
 Static Discharge         Conj/Air       14%        N/A       7%          2
 Poisonous Vapours        Pois/Air       18%        N/A       11%         2
 Apportation              Tloc           6%         N/A       16%         1
 Gell's Gravitas          Tloc           3%         N/A       41%         3
 Lesser Beckoning         Tloc           3%         N/A       41%         3
 Ozocubu's Armour         Ice            3%         N/A       41%         3
 Teleport Other           Tloc           3%         N/A       41%         3
 Tukima's Dance           Hex            3%         N/A       41%         3
 Anguish                  Hex/Necr       1%         N/A       83%         4
 Alistair's Intoxication  Tmut/Pois      2%         N/A       99%         5
 Enfeeble                 Hex            1%         N/A       100%        7
 Ozocubu's Refrigeration  Ice            1%         4d5       100%        7


Dungeon Overview and Level Annotations

Branches:
Dungeon (4/15)
 Temple: D:4-7

Altars:

Annotations:
D:3 Blork the orc, Eustachio
D:4 Menkaure, Pikel


Innate Abilities, Weirdness & Mutations

You are too large for most types of armour.
You have tough skin. (AC +1)


Message History

Casting: Shock (safe; 4% risk of failure)
Confirm with . or Enter, or press ? or * to list all spells.
Aiming: Shock (safe; 4% risk of failure)
Press: ? - help, Shift-Dir - straight line, f/p - river rat
Aim: a river rat (severely wounded, summoned, 68% to hit)
The zap misses the river rat.
The zap misses the quasit.
The zap hits Eustachio.
Eustachio is moderately wounded.
The zap hits the quasit.
The quasit is moderately wounded.
Eustachio gestures wildly while chanting.
Something hits you!
* * * LOW HITPOINT WARNING * * *
The river rat bites you but does no damage.
Unknown command.
Unknown command.
As you read the scroll of teleportation, it crumbles to dust.
You feel strangely unstable.
You hear some strange, mumbled words.
A puff of flame appears from out of thin air!
The puff of flame hits you!
* * * LOW HITPOINT WARNING * * *
The river rat bites you.
* * * LOW HITPOINT WARNING * * *
Unknown command.
Casting: Shock (safe; 4% risk of failure)
Confirm with . or Enter, or press ? or * to list all spells.
Aiming: Shock (safe; 4% risk of failure)
Press: ? - help, Shift-Dir - straight line, f/p - river rat
Aim: a river rat (severely wounded, summoned, 68% to hit)
The zap hits the river rat.
The river rat is almost dead.
The zap hits the quasit.
The quasit is severely wounded.
The zap misses Eustachio.
The zap hits the quasit.
The quasit is severely wounded.
The zap hits the quasit.
The quasit is moderately wounded.
Something hits you.
You die...

##.##..#.... #..).....##.
#.##.##..... #.#.....#..#
#.......#... #.#...#.....
#.##.##.#... ##############
#.......##.# #......55@5r@#
#######..... #.##########{####
##.#.# #.# #.......# #...# #.#
##.##.##.###########.#
###.######.....................
#...........##.##.####.##.###.#
#...####<..............##)# ###
#...# #.#####....#######.#
#(..# #.# #..### #.#


You could see Eustachio, 3 quasits and a river rat (summoned).

Vanquished Creatures
  An orc priest (D:3)
  Natasha (thrice) (D:3)
  4 gnolls (D:2)
  3 adders
  4 orcs (D:3)
  6 endoplasms
  3 giant cockroaches
  6 goblins
  4 hobgoblins
  6 jackals
  6 kobolds
  2 quokkas
  4 ball pythons
  7 bats
  2 frilled lizards
  8 rats
69 creatures vanquished.

Notes
Turn   | Place    | Note
-------+----------+-------------------------------------------
     0 | D:1      | siradein the Ogre Air Elementalist began the quest for the
                  | Orb.
     0 | D:1      | Reached XP level 1. HP: 16/16 MP: 3/3
   118 | D:1      | Reached skill level 1 in Conjurations
   248 | D:1      | Reached XP level 2. HP: 26/26 MP: 2/5
   575 | D:1      | Reached skill level 1 in Fighting
   774 | D:1      | Found a faded altar of an unknown god.
   873 | D:1      | Reached XP level 3. HP: 33/33 MP: 5/7
  1802 | D:2      | Reached XP level 4. HP: 42/42 MP: 0/8
  2531 | D:3      | Reached XP level 5. HP: 50/50 MP: 7/9
  2565 | D:3      | Learned a level 2 spell: Corpse Rot
  2569 | D:3      | Learned a level 3 spell: Swiftness
  2574 | D:3      | Learned a level 4 spell: Airstrike
  3306 | D:4      | Noticed Menkaure
  3306 | D:4      | Noticed a black bear
  3369 | D:4      | Noticed Natasha
  3371 | D:4      | Noticed Pikel
  3373 | D:4      | Noticed a lemure
  3379 | D:3      | Killed Natasha
  3606 | D:3      | Noticed Natasha
  3617 | D:3      | Killed Natasha
  3923 | D:3      | Noticed Natasha
  3932 | D:3      | Killed Natasha
  3933 | D:3      | Reached XP level 6. HP: 61/61 MP: 5/11
  4427 | D:4      | Noticed Blork the orc
  4427 | D:4      | Noticed Eustachio
  4439 | D:3      | HP: 2/61 [something/puff of flame (7)]
  4440 | D:3      | Slain by Blork the orc

Illustrated notes

Levels and vault maps discovered:
D:1:      nagdon_arrival_double_spiral, layout_loops_ring,
          ebering_ecumenical_altar_abandoned
D:2:      layout_rooms, minmay_heptomino_w4
D:3:      layout_loops_ring, hangedman_decor_clover_reticule
D:4:      layout_rooms, mainiacjoe_overflow_catwalk_spiral, uniq_pikel,
          uniq_blork_the_orc, uniq_menkaure, uniq_eustachio,
          uniq_crazy_yiuf_cottage, uniq_natasha

Skill      XL: |  1  2  3  4  5 |
---------------+----------------+-----
Conjurations   | 1 2 |  2.3
Dodging        | 2 3 |  3.0
Fighting       | 1 2 3 |  3.1
Air Magic      | 3 |  3.5
Spellcasting   | 3 |  3.7
Stealth        | |  1.4

Action                   |  1- 3 |  4- 6 || total
-------------------------+-------+-------++-------
Melee: Spear             |    24 |    42 ||    66
 Cast: Shock             |    76 |    63 ||   139
  Use: Scroll            |       |     4 ||     4
Armor: Robe              |    15 |    13 ||    28
Dodge: Dodged            |    18 |    26 ||    44

Table legend: (Time is in decaauts)
 A = Elapsed time spent in this place.
 B = Non-inter-level travel time spent in this place.
 C = Inter-level travel time spent in this place.
 D = Time resting spent in this place.
 E = Time spent auto-exploring this place.
 F = Levels seen in this place.
 G = Mean time per level.
                   A        B        C        D        E       F      G
               +--------+--------+--------+--------+--------+-----+--------+
         Total |   4489 |   4434 |     55 |    204 |   3708 |   4 | 1122.2 |
       Dungeon |   4489 |   4434 |     55 |    204 |   3708 |   4 | 1122.2 |
               +--------+--------+--------+--------+--------+-----+--------+

Top non-repeatable levels by time:
     D:3: 1962 daAuts
     D:1: 1480 daAuts
     D:2: 1034 daAuts
     D:4: 11 daAuts
